 Dungeon Crawl Stone Soup version 0.28-a0-1613-gdaab1c2f9b (webtiles) character file.

Game seed: 12832326124169492622

22218 oldriver the Tainter (level 12, -1/109 HPs)
             Began as a Naga Venom Mage on Jan 21, 2022.
             Was an Initiate of Gozag.
             Slain by a four-headed hydra (8 damage)
             ... on level 1 of the Lair of Beasts.
             The game lasted 00:38:09 (20673 turns).

oldriver the Tainter (Naga Venom Mage)             Turns: 20673, Time: 00:38:10

Health: -1/109     AC:  9    Str: 14    XL:     12   Next: 98%
Magic:  11/34      EV: 11    Int: 20    God:    Gozag
Gold:   814        SH:  5    Dex: 17    Spells: 11/30 levels left

rFire   + . .      SeeInvis +   x - +0 flail (holy)
rCold   + . .      Faith    .   I - +0 buckler
rNeg    . . .      Spirit   .   D - +3 leather armour
rPois   +          Reflect  .   t - +0 helmet
rElec   .          Harm     .   d - scarf {rC+ rF+}
rCorr   +          Rampage  .   (no gloves)
Will    +....                   (no barding)
Stlth   +++++.....              f - amulet of the acrobat
HPRegen 0.28/turn               g - ring of Ydiaz {rCorr Str+4 Dex+4}
MPRegen 0.24/turn               C - ring of magical power

@: very slow
A: AC +4, large, see invisible, deformed body, poison resistance, slowness 2,
spit poison 1, naga tail 1
a: Spit Poison, Renounce Religion, Potion Petition, Call Merchant, Bribe Branch


You were on level 1 of the Lair of Beasts.
You worshipped Gozag.
Gozag was pleased with you.
You visited 3 branches of the dungeon, and saw 14 of its levels.
You also visited: Ossuary, Bailey and Ice Cave.

You collected 3096 gold pieces.
You spent 849 gold pieces at shops.
You paid 1433 gold pieces to Gozag.

Inventory:

Hand Weapons
 l - a +2 spear of flaming
 x - a +0 flail of holy wrath (weapon)
Missiles
 w - 4 throwing nets
Armour
 d - a scarf of resistance (worn)
 t - a +0 helmet (worn)
 D - a +3 leather armour (worn)
 I - a +0 buckler (worn)
Magical Staves
 h - a staff of conjuration
 E - a staff of poison
Jewellery
 f - an amulet of the acrobat (around neck)
 g - the ring of Ydiaz (left hand) {rCorr Str+4 Dex+4}
   (You acquired it on level 5 of the Dungeon)

   [ring of resist corrosion]

   Str:       It affects your strength (+4).
   Dex:       It affects your dexterity (+4).
   rCorr:     It protects you from acid and corrosion.
 n - a ring of positive energy
 o - a +4 ring of evasion
 C - a ring of magical power (right hand)
 H - a +6 ring of intelligence
 K - an amulet of regeneration
 M - a ring of willpower
Wands
 a - a wand of mindburst (7)
 j - a wand of polymorph (8)
 s - a wand of charming (14)
 z - a wand of iceblast (21)
 L - a wand of acid (6)
 P - a wand of flame (8)
Scrolls
 b - 6 scrolls of identify
 q - a scroll of blinking
 r - 4 scrolls of vulnerability
 y - 5 scrolls of teleportation
 A - a scroll of silence
 F - 2 scrolls of fear
 G - a scroll of enchant armour
 J - a scroll of enchant weapon
 O - a scroll of torment {unknown}
Potions
 c - 5 potions of curing
 e - a potion of berserk rage
 i - a potion of heal wounds
 k - 2 potions of attraction
 m - 2 potions of might
 p - a potion of mutation
 u - 3 potions of lignification {unknown}
 v - 2 potions of degeneration
 B - 5 potions of flight
 N - a potion of ambrosia {unknown}


   Skills:
 + Level 7.3 Fighting
 - Level 5.0 Dodging
 - Level 13.0 Stealth
 - Level 3.0 Shields
 + Level 9.6 Spellcasting
 - Level 5.0 Conjurations
 - Level 1.0 Transmutations
 + Level 7.3 Fire Magic
 + Level 13.8 Poison Magic


You had 11 spell levels left.
You knew the following spells:

 Your Spells              Type           Power      Damage    Failure   Level
a - Sting                 Tmut/Pois      100%       1d8       1%          1
b - Poisonous Vapours     Pois/Air       74%        N/A       1%          2
c - Sticky Flame          Conj/Fire      34%        2d5       9%          4
d - Mephitic Cloud        Conj/Pois/Air  34%        N/A       2%          3
e - Scorch                Fire           78%        2d9       1%          2
i - Ignite Poison         Fire/Tmut/Pois 39%        N/A       1%          3
o - Olgreb's Toxic Radia  Pois           60%        N/A       1%          4

Your spell library contained the following spells:

 Spells                   Type           Power      Damage    Failure   Level
 Conjure Flame            Conj/Fire      34%        6-21      2%          3
 Apportation              Tloc           18%        N/A       11%         1
 Freeze                   Ice            36%        1d6       11%         1
 Alistair's Intoxication  Tmut/Pois      26%        N/A       14%         5
 Frozen Ramparts          Ice            18%        1d3       32%         3
 Teleport Other           Tloc           9%         N/A       32%         3
 Tukima's Dance           Hex            9%         N/A       32%         3
 Hailstorm                Conj/Ice       19%        3d6       36%         4
 Iskenderun's Mystic Bla  Conj/Tloc      19%        2d6       36%         4
 Passage of Golubria      Tloc           9%         N/A       73%         4
 Yara's Violent Unravell  Hex/Tmut       5%         3d4       94%         5


Dungeon Overview and Level Annotations

Branches:
Dungeon (10/15)            Temple (1/1) D:4            Lair (3/6) D:9
Ossuary (visited)          Bailey (visited)           IceCv (visited)
  Swamp: Lair:2-4    Shoals: Lair:2-4     Snake: Lair:2-4    Spider: Lair:2-4
    Orc: D:9-12

Altars:
Ashenzari
Cheibriados
Dithmenos
Elyvilon
Fedhas
Gozag
Hepliaklqana
Kikubaaqudgha
Makhleb
Okawaru
Qazlal
Ru
Sif Muna
Trog
Uskayaw
Vehumet
Wu Jian
Xom
Yredelemnul
Zin
The Shining One

Shops:
D:7 =   D:8 ?   D:9 :

Annotations:
D:7 Maggie


Innate Abilities, Weirdness & Mutations

Your serpentine skin is tough. (AC +4)
You have supernaturally acute eyesight. (SInv)
Armour fits poorly on your strangely shaped body.
Your system is resistant to poisons. (rPois)
You cover ground very slowly.
You can spit poison.
You have a snake-like lower body.


Message History

The bullfrog gives a loud, deep croak!
You block the four-headed hydra's attack.
The four-headed hydra bites you! x2
The four-headed hydra bites you but does no damage.
Unknown command.
Casting: Scorch (safe; 1% risk of failure)
Confirm with . or Enter, or press ? or * to list all spells.
Flames lash the four-headed hydra.
The four-headed hydra is burned terribly!
The four-headed hydra is moderately wounded.
The four-headed hydra bites you but does no damage. x3
The four-headed hydra bites you.
Unknown command.
Casting: Scorch (safe; 1% risk of failure)
Confirm with . or Enter, or press ? or * to list all spells.
Flames lash the four-headed hydra.
The four-headed hydra is burned terribly!
The four-headed hydra is heavily wounded.
The water moccasin hisses angrily.
The four-headed hydra bites you but does no damage.
The four-headed hydra bites you! The four-headed hydra bites you.
* * * LOW HITPOINT WARNING * * *
The four-headed hydra bites you but does no damage.
Casting: Scorch (safe; 1% risk of failure)
Confirm with . or Enter, or press ? or * to list all spells.
Aiming: Sticky Flame (dangerous; 9% risk of failure)
Press: ? - help, Shift-Dir - straight line, f - four-headed hydra
Aim: a four-headed hydra (heavily wounded, more vulnerable to fire, 100% to hit)
The sticky flame hits the four-headed hydra!
The four-headed hydra is burned terribly!
The four-headed hydra is heavily wounded.
The four-headed hydra is covered in liquid flames!
The four-headed hydra burns!
The four-headed hydra bites you!
* * * LOW HITPOINT WARNING * * *
The four-headed hydra bites you but does no damage.
The four-headed hydra bites you!
* * * LOW HITPOINT WARNING * * *
The four-headed hydra bites you!
You die...
Your body crumbles into a pile of gold.

#......###.#.P#.
#.....#......... .
#.............# ..
#.....#.......# ...
#.....#.......# ....
#.....#.......# .....
#.#...#.......# #
......#.#D@.........#.#
#......##...####.#
#..#F.##.........#
....#...#..........##
#.......S............P#
[.#.......#............#
...#.#.................#
....##...##............#
#... ...##.######.....##


You could see a four-headed hydra (burning, combustible), a water moccasin and a
bullfrog.

Vanquished Creatures
  A boulder beetle (Lair:3)
  2 two-headed ogres
  12 death yaks
  A cyclops (D:10)
  6 elephants (Lair:3)
  2 cane toads
  2 ice devils (Lair:2)
  A troll (D:10)
  A hornet (D:7)
  3 blink frogs (Lair:3)
  6 dream sheep (Lair:3)
  Sigmund (D:4)
  A basilisk (Lair:3)
  17 yaks
  A steam dragon (D:8)
  2 demonic crawler simulacra (IceCv)
  4 water moccasins
  7 orc warriors
  A sky beast (D:8)
  An ice beast (D:8)
  2 black bears
  3 ogres
  2 wolves (Lair:2)
  A centaur (D:6)
  5 water moccasin zombies (Ossuary)
  2 scorpions
  2 gnoll sergeants
  A glowing shapeshifter simulacrum (IceCv)
  10 bullfrogs
  5 wights
  6 killer bees (D:9)
  A howler monkey (D:8)
  A bullfrog zombie (D:5)
  5 hounds
  2 centaur zombies
  A jelly (D:5)
  6 orc priests
  A gnoll shaman (D:4)
  4 iguanas
  7 orc wizards
  2 killer bee zombies
  2 hound skeletons (D:4)
  2 mummies (Ossuary)
  A howler monkey zombie (D:8)
  21 gnolls
  A howler monkey skeleton (D:6)
  3 adders
  A shadow imp (D:5)
  A white imp (D:5)
  An ufetubus (D:6)
  7 adder zombies (Ossuary)
  2 worms
  2 dart slugs (D:4)
  44 orcs
  4 endoplasms
  5 giant cockroaches
  14 goblins
  6 hobgoblins
  10 jackals
  17 kobolds
  3 quokkas
  6 ball pythons
  3 bats
  5 frilled lizards
  4 hobgoblin zombies (Ossuary)
  3 kobold zombies (Ossuary)
  7 orc zombies (Ossuary)
  4 rats
320 creatures vanquished.

Vanquished Creatures (others)
  An orc (D:7)
  24 fungi
  33 plants
58 creatures vanquished.

Grand Total: 378 creatures vanquished

Notes
Turn   | Place    | Note
-------+----------+-------------------------------------------
     0 | D:1      | oldriver the Naga Venom Mage began the quest for the Orb.
     0 | D:1      | Reached XP level 1. HP: 15/15 MP: 3/3
   483 | D:1      | Reached XP level 2. HP: 22/22 MP: 0/5
  1041 | D:1      | Found a faded altar of an unknown god.
  1426 | D:2      | Reached XP level 3. HP: 12/28 MP: 2/6
  2606 | D:3      | Reached XP level 4. HP: 29/36 MP: 4/8
  2790 | D:3      | Reached skill level 5 in Poison Magic
  2967 | D:3      | Found an ornate altar of the Wu Jian Council.
  3299 | D:3      | Learned a level 2 spell: Poisonous Vapours
  3304 | D:3      | Learned a level 4 spell: Olgreb's Toxic Radiance
  3312 | D:4      | Noticed Sigmund
  3361 | D:3      | Reached skill level 5 in Stealth
  3426 | D:4      | Found a staircase to the Ecumenical Temple.
  3446 | D:4      | Reached XP level 5. HP: 35/42 MP: 2/9
  3539 | D:4      | Found a burning altar of Makhleb.
  3548 | Temple   | Entered the Ecumenical Temple
  3787 | Temple   | Became a worshipper of Gozag Ym Sagoz the Greedy
  4202 | D:4      | Noticed a black bear
  4216 | D:4      | Killed a black bear
  4217 | D:4      | Reached XP level 6. HP: 38/49 MP: 1/11
  5262 | D:4      | Reached skill level 1 in Fighting
  5823 | D:4      | Killed Sigmund
  5824 | D:4      | Reached XP level 7. HP: 42/58 MP: 0/13
  6069 | D:5      | Entered Level 5 of the Dungeon
  6263 | D:5      | Found a snail-covered altar of Cheibriados.
  6456 | D:5      | Identified 2 scrolls of acquirement
  6456 | D:5      | Acquired an Everburning Encyclopedia
  6458 | D:5      | Acquired the ring of Ydiaz {rCorr Str+4 Dex+4}
  6482 | D:5      | Found a sand-covered staircase.
  6491 | Ossuary  | Entered an ossuary
  6496 | Ossuary  | Learned a level 3 spell: Ignite Poison
  6584 | Ossuary  | Reached XP level 8. HP: 42/68 MP: 14/14
  7305 | Ossuary  | Reached skill level 1 in Fire Magic
  7647 | Ossuary  | Learned a level 3 spell: Mephitic Cloud
  8435 | D:5      | Found a hazy altar of Hepliaklqana.
  9012 | D:5      | Reached skill level 5 in Spellcasting
  9548 | D:5      | Found a radiant altar of Vehumet.
 10432 | D:6      | Noticed a two-headed ogre
 10458 | D:6      | Killed a two-headed ogre
 10459 | D:6      | Reached XP level 9. HP: 17/75 MP: 7/17
 11050 | D:6      | Learned a level 4 spell: Sticky Flame
 11295 | D:6      | Reached skill level 10 in Stealth
 11349 | D:6      | Reached skill level 1 in Conjurations
 11713 | D:6      | Found a blossoming altar of Fedhas.
 11713 | D:6      | Found an ancient bone altar of Kikubaaqudgha.
 11713 | D:6      | Found a shimmering blue altar of Sif Muna.
 11918 | D:7      | Found a flagged portal.
 11923 | D:7      | Noticed Maggie
 11985 | Bailey   | Entered a bailey
 13238 | D:7      | Reached skill level 5 in Fire Magic
 13384 | D:7      | Bought a ring of magical power for 260 gold pieces
 13553 | D:8      | Reached skill level 10 in Poison Magic
 13553 | D:8      | Reached XP level 10. HP: 84/84 MP: 19/19
 13591 | D:8      | Found Foreydy's Magic Scroll Shoppe.
 13602 | D:8      | Bought a scroll of teleportation for 30 gold pieces
 13602 | D:8      | Bought a scroll of fear for 35 gold pieces
 13602 | D:8      | Bought a scroll of fear for 35 gold pieces
 13602 | D:8      | Bought a scroll of teleportation for 30 gold pieces
 13602 | D:8      | Bought a scroll of enchant armour for 75 gold pieces
 14983 | D:8      | Found a basalt altar of Yredelemnul.
 15490 | D:7      | Found a stormy altar of Qazlal.
 15676 | D:7      | Found a shimmering altar of Xom.
 15879 | D:9      | Reached skill level 5 in Conjurations
 16308 | D:9      | Noticed a death yak
 16308 | D:9      | Noticed a death yak
 16309 | D:9      | Noticed a death yak
 16310 | D:9      | Noticed a death yak
 16315 | D:9      | Killed a death yak
 16315 | D:9      | Killed a death yak
 16316 | D:9      | Reached skill level 1 in Shields
 16316 | D:9      | Reached XP level 11. HP: 91/91 MP: 13/22
 16316 | D:9      | Killed a death yak
 16316 | D:9      | Noticed a death yak
 16317 | D:9      | Noticed a death yak
 16429 | D:9      | Noticed a death yak
 16432 | D:9      | Killed a death yak
 16437 | D:9      | Killed a death yak
 16437 | D:9      | Killed a death yak
 16437 | D:9      | Killed a death yak
 16833 | D:9      | Found a staircase to the Lair.
 17137 | D:9      | Reached skill level 5 in Fighting
 17432 | D:9      | Bought the Grimoire of Dislocated Fire for 384 gold pieces
 17435 | D:9      | Learned a level 2 spell: Scorch
 17459 | D:10     | Entered Level 10 of the Dungeon
 17674 | D:10     | Found a shadowy altar of Dithmenos.
 17851 | D:10     | Noticed a two-headed ogre
 17854 | D:10     | Killed a two-headed ogre
 17971 | D:10     | Noticed a cyclops
 17982 | D:10     | Killed a cyclops
 18050 | D:10     | Reached XP level 12. HP: 103/103 MP: 16/24
 18344 | Lair:1   | Entered Level 1 of the Lair of Beasts
 18697 | Lair:1   | Noticed a death yak
 18697 | Lair:1   | Noticed a death yak
 18700 | Lair:1   | Killed a death yak
 18700 | Lair:1   | Noticed a death yak
 18700 | Lair:1   | Noticed a death yak
 18701 | Lair:1   | Reached skill level 5 in Dodging
 18702 | Lair:1   | Noticed a death yak
 18703 | Lair:1   | Killed a death yak
 18705 | Lair:1   | Killed a death yak
 18705 | Lair:1   | Killed a death yak
 18728 | Lair:1   | Killed a death yak
 19002 | Lair:1   | Noticed a four-headed hydra
 19072 | Lair:2   | Found a frozen archway.
 19284 | IceCv    | Entered an ice cave
 19956 | Lair:3   | Noticed a boulder beetle
 19960 | Lair:3   | Killed a boulder beetle
 20443 | Lair:3   | Noticed a five-headed hydra
 20673 | Lair:1   | Slain by a four-headed hydra

Illustrated notes

Levels and vault maps discovered:
D:1:      mainiacjoe_arrival_reflecting_pool, layout_loops_cross,
          shapermc_ecumenical_altar_pompeii
D:2:      layout_rooms
D:3:      minmay_skewed_foursquare, layout_rooms, mainiacjoe_overflow_alcove_2
D:4:      layout_loops_ring, mainiacjoe_overflow_alcove_1,
          minmay_temple_entry_large_hall, uniq_sigmund
D:5:      layout_basic, mainiacjoe_overflow_large_starburst,
          cheibriados_altar_1, chequers_ossuary_entry_cave
D:6:      layout_gridville, gammafunk_temple_overflow_claw
D:7:      layout_cave_pools, mainiacjoe_overflow_two_lobes,
          lightli_bailey_entry_fortress, uniq_maggie
D:8:      cheibrodos_helix_gallery, layout_cave_pools,
          nicolae_overflow_hidden_temple, serial_shops, shop, grunt_ministairs_1
D:9:      layout_loops_ring, dpeg_lair_monsters
D:10:     layout_long_grid, mainiacjoe_overflow_brackets,
          nemelex_diamond_rough_becter, grunt_ogre_cave,
          hangedman_abyss_or_decor_lesser_grid, bh_circular_ruins
Temple:   compressed_dpeg_triangle_lava_temple
Lair:1:   layout_regular_city, grunt_megastairs_4, lemuel_fruit_tree
Lair:2:   layout_gridlike, portal_ice_cave_demonic_guard, serial_bayou,
          serial_bayou_lake_a, serial_bayou_shore_b, serial_bayou_pond_c,
          serial_bayou_shore_b, serial_bayou_pond_b, serial_bayou_pond_e
Lair:3:   layout_loops_ring, elwin_shoals_entry_rocks,
          infiniplex_staircase_pool_2

Skill      XL: |  1  2  3  4  5  6  7  8  9 10 11 12 |
---------------+-------------------------------------+-----
Stealth        | 4 5 6 7 9 10 12 13 | 13.0
Spellcasting   | 3 4 5 6 7 8 9 |  9.6
Poison Magic   | 5 6 7 8 10 11 12 13 | 13.8
Fighting       | 1 2 3 5 7 |  7.3
Dodging        | 2 3 4 5 |  5.0
Fire Magic     | 3 5 7 |  7.3
Conjurations   | 3 5 |  5.0
Shields        | 1 3 |  3.0
Transmutations | |  1.0

Action                   |  1- 3 |  4- 6 |  7- 9 | 10-12 || total
-------------------------+-------+-------+-------+-------++-------
Melee: Dagger            |     6 |    37 |   200 |       ||   243
       Unarmed           |     1 |       |       |       ||     1
       Punch             |       |       |     8 |     1 ||     9
       Flail             |       |       |    44 |    71 ||   115
 Cast: Sting             |    81 |   121 |   220 |    19 ||   441
       Poisonous Vapours |       |    26 |    43 |    36 ||   105
       Olgreb's Toxic Ra |       |       |    27 |    76 ||   103
       Ignite Poison     |       |       |    11 |    91 ||   102
       Sticky Flame      |       |       |       |     5 ||     5
       Scorch            |       |       |       |    63 ||    63
Invok: Call Merchant     |       |       |     1 |     1 ||     2
 Abil: Spit Poison       |       |     1 |       |       ||     1
Evoke: Wand              |       |       |       |     1 ||     1
  Use: Scroll            |     1 |     2 |    20 |     2 ||    25
       Potion            |       |       |     4 |       ||     4
 Stab: Sleeping          |       |       |     5 |     2 ||     7
Armor: Robe              |    11 |    15 |    67 |       ||    93
       Leather armour    |       |       |     1 |    84 ||    85
Dodge: Dodged            |    39 |   109 |   368 |   166 ||   682
Block: Buckler           |       |       |       |    26 ||    26

Table legend: (Time is in decaauts)
 A = Elapsed time spent in this place.
 B = Non-inter-level travel time spent in this place.
 C = Inter-level travel time spent in this place.
 D = Time resting spent in this place.
 E = Time spent auto-exploring this place.
 F = Levels seen in this place.
 G = Mean time per level.
                   A        B        C        D        E       F      G
               +--------+--------+--------+--------+--------+-----+--------+
         Total |  23934 |  23105 |    829 |   7506 |  11078 |  17 | 1407.9 |
       Dungeon |  17994 |  17184 |    810 |   4531 |   9514 |  10 | 1799.4 |
        Temple |    488 |    469 |     19 |      0 |    442 |   1 |  488.0 |
          Lair |   2308 |   2308 |      0 |   1594 |    247 |   3 |  769.3 |
       Ossuary |   1689 |   1689 |      0 |    898 |    324 |   1 | 1689.0 |
        Bailey |   1259 |   1259 |      0 |    420 |    506 |   1 | 1259.0 |
      Ice Cave |    193 |    193 |      0 |     62 |     42 |   1 |  193.0 |
               +--------+--------+--------+--------+--------+-----+--------+

Top non-repeatable levels by time:
     D:5: 3180 daAuts
     D:4: 3006 daAuts
     D:9: 1936 daAuts
     D:7: 1804 daAuts
 Ossuary: 1689 daAuts
     D:8: 1654 daAuts
     D:1: 1586 daAuts
     D:3: 1401 daAuts
     D:6: 1344 daAuts
  Bailey: 1259 daAuts
     D:2: 1125 daAuts
  Lair:3: 1049 daAuts
    D:10: 955 daAuts
  Lair:1: 730 daAuts
  Lair:2: 528 daAuts
